 Dungeon Crawl Stone Soup version 0.17-a0-1635-gd4e48f1 (webtiles) character file.

111 Jb9000 the Charlatan (level 4, -5/28 HPs)
             Began as a High Elf Artificer on Aug 4, 2015.
             Slain by a gnoll
             ... wielding a +0 flail
              (9 damage)
             ... on level 3 of the Dungeon.
             The game lasted 00:17:14 (2325 turns).

Jb9000 the Charlatan (High Elf Artificer)           Turns: 2325, Time: 00:17:14

Health: -5/28      AC:  7    Str: 11    XL:     4   Next: 62%
Magic:  7/7        EV: 17    Int: 15    God:
Gold:   130        SH:  0    Dex: 18    Spells: 0 memorised, 5 levels left

rFire  . . .     SeeInvis .     G - +0 scythe
rCold  . . .     Clarity  .     j - +0 ring mail
rNeg   . . .     SustAt   .     (no shield)
rPois  .         Gourm    .     x - +0 helmet
rElec  .         Spirit   .     (no cloak)
rCorr  .         Warding  .     (no gloves)
rMut   .         Stasis   .     E - +0 pair of boots
MR     .....                    (no amulet)
Stlth  ++........               C - +2 ring of dexterity
                                v - +5 ring of evasion

@: not resistant to hostile enchantments, unstealthy
A: no striking features
a: no special abilities


You were on level 3 of the Dungeon.
You were not hungry.

You visited 1 branch of the dungeon, and saw 3 of its levels.

You collected 130 gold pieces.

Inventory:

Hand weapons
 a - a +0 short sword
 l - a +0 spear
 G - a +0 scythe (weapon)
Missiles
 g - 66 bolts
 k - 12 arrows
 s - 9 arrows of flame
 H - 10 poisoned needles
Armour
 b - a +0 leather armour
 j - a +0 ring mail (worn)
 o - a +0 chain mail
 x - a +0 helmet (worn)
 E - a +0 pair of boots (worn)
Jewellery
 v - a +5 ring of evasion (left hand)
 C - a +2 ring of dexterity (right hand)
 D - an uncursed ring of flight
Magical devices
 c - a wand of flame (11)
 d - a wand of enslavement (15)
 e - a wand of random effects (6)
Scrolls
 h - 6 scrolls of identify {unknown}
 i - a scroll of amnesia {unknown}
 n - a scroll of noise {unknown}
 p - a scroll of enchant weapon {unknown}
 t - a scroll of magic mapping {unknown}
 w - a scroll of fear {unknown}
 y - 2 scrolls of remove curse {unknown}
 B - a scroll of enchant armour {unknown}
Potions
 m - 3 potions of agility {unknown}
 q - 2 potions of curing {unknown}
 r - a potion of resistance {unknown}
 A - a potion of poison {unknown}
 F - a potion of brilliance {unknown}
Comestibles
 f - 3 bread rations
 u - a beef jerky
 z - 4 fruits
 I - 7 chunks of flesh


   Skills:
 + Level 1.6 Fighting
 - Level 2.0 Short Blades
 * Level 0.1 Polearms
 + Level 1.0 Armour
 + Level 2.9 Dodging
 * Level 3.0 Stealth
 * Level 1.4 Spellcasting
 + Level 3.2 Evocations


You had 5 spell levels left.
You didn't know any spells.

Dungeon Overview and Level Annotations

Branches:
Dungeon (3/15)

Altars:
Fedhas
Vehumet


Message History

The gnoll completely misses you. The gnoll closely misses you.
Evoke which item? (* to show all) (? for menu, Esc to quit)
Zapping:
c - a wand of flame (13)
Press: ? - help, Shift-Dir - straight line, f - gnoll
Aim: a gnoll, wielding a whip (almost dead)
The puff of flame hits the gnoll.
You kill the gnoll!
This wand has 12 charges left.
You closely miss the gnoll. The gnoll closely misses you. The gnoll misses you.
Evoke which item? (* to show all) (? for menu, Esc to quit)
Zapping:
c - a wand of flame (12)
Press: ? - help, Shift-Dir - straight line, f - gnoll
Aim: a gnoll, wielding a flail The puff of flame hits the gnoll.
The gnoll is heavily wounded.
This wand has 11 charges left.
The gnoll barely misses you.
You barely miss the gnoll.
The gnoll is heavily wounded.
The gnoll hits you with a flail!
You die...

##### #.# #.. ##'##
#.# ##...## #.#
##.....## #.###
##.......## #.#>##
#.........###....##
+.........'.[.....#
#.........###....##
##.......## #@#.##
..........## #g###
.###.#...## #.#
#.##+## ... #.#
##... .. ###.# ..
##. .#


You could see a gnoll.

Vanquished Creatures
  2 gnolls (D:3)
  5 adders (D:2)
  An ooze (D:2)
  2 giant geckos
  3 orcs (D:3)
  4 bats
  2 giant cockroaches
  4 goblins (D:1)
  3 hobgoblins
  5 kobolds
  5 giant newts
  6 rats
42 creatures vanquished.

Vanquished Creatures (others)
  A bat (D:3)
1 creature vanquished.

Grand Total: 43 creatures vanquished

Notes
Turn   | Place    | Note
--------------------------------------------------------------
     0 | D:1      | Jb9000 the High Elf Artificer began the quest for the Orb.
     0 | D:1      | Reached XP level 1. HP: 13/13 MP: 4/4
   225 | D:1      | Reached XP level 2. HP: 16/18 MP: 5/5
   734 | D:1      | You fall through a shaft!
   848 | D:2      | Reached skill level 1 in Armour
   848 | D:2      | Reached XP level 3. HP: 19/23 MP: 6/6
  1480 | D:2      | Reached skill level 1 in Spellcasting
  1697 | D:2      | Reached XP level 4. HP: 28/28 MP: 7/7
  1762 | D:2      | Found a blossoming altar of Fedhas.
  2254 | D:3      | Found a radiant altar of Vehumet.
  2325 | D:3      | Slain by a gnoll

Vault maps used:
D:1:      scummos_arrival_hexagon
D:2:      wad_crossroads, lemuel_crystal_altar
D:3:      fiery_altar_vehumet, grunt_qazlal_clouds, first_bread,
          grunt_ministairs_3, uniq_jessica

Action                   |  1- 3 |  4- 6 || total
-------------------------+-------+-------++-------
Melee: Short sword       |   112 |    23 ||   135
       Scythe            |       |    32 ||    32
Evoke: Wand              |    11 |     2 ||    13
  Use: Scroll            |     1 |       ||     1
 Stab: Sleeping          |     4 |     2 ||     6
  Eat: Chunk             |     2 |     3 ||     5
